 Dungeon Crawl Stone Soup version 0.19-a0-1268-g6c5d9f8 (webtiles) character file.

246 Kidiri the Magician (level 5, -10/28 HPs)
             Began as a Deep Elf Fire Elementalist on Aug 30, 2016.
             Killed by divine providence
             ... invoked by an orc priest
              (12 damage)
             ... on level 3 of the Dungeon.
             The game lasted 00:11:31 (2914 turns).

Kidiri the Magician (Deep Elf Fire Elementalist)    Turns: 2914, Time: 00:11:32

Health: -10/28     AC:  6    Str: 10    XL:     5   Next: 84%
Magic:  0/15       EV: 13    Int: 21    God:
Gold:   140        SH:  0    Dex: 15    Spells: 5 memorised, 3 levels left

rFire  . . .     SeeInvis .     t - +1 dagger (speed)
rCold  . . .     Gourm    .     a - +0 robe
rNeg   . . .     Faith    .     (no shield)
rPois  .         Spirit   .     n - +2 helmet
rElec  .         Dismiss  .     h - +0 cloak
rCorr  .         Reflect  .     (no gloves)
MR     .....     Harm     .     (no boots)
Stlth  ++........               (no amulet)
                                (no ring)
                                (no ring)

@: mighty
A: no striking features
a: no special abilities


You were on level 3 of the Dungeon.
You were not hungry.

You visited 1 branch of the dungeon, and saw 3 of its levels.

You collected 140 gold pieces.

Inventory:

Hand Weapons
 t - a +1 dagger of speed (weapon)
Armour
 a - a +0 robe (worn)
 h - a +0 cloak (worn)
 n - a +2 helmet (worn)
Wands
 q - a wand of flame (26/48)
Scrolls
 f - a scroll of immolation
 g - a scroll of fog
 i - a scroll of recharging {unknown}
 l - a scroll of random uselessness
 p - 2 scrolls of remove curse {unknown}
 r - a scroll of blinking {unknown}
 s - a scroll of magic mapping {unknown}
Books
 b - a book of Flames

   Spells                             Type                      Level
   a - Flame Tongue                   Conjuration/Fire             1
   b - Throw Flame                    Conjuration/Fire             2
   c - Conjure Flame                  Conjuration/Fire             3
   d - Inner Flame                    Hexes/Fire                   3
   e - Sticky Flame                   Conjuration/Fire             4
   f - Fireball                       Conjuration/Fire             5
Comestibles
 c - a bread ration
 d - a beef jerky
 j - a chunk of flesh


   Skills:
 - Level 2.4 Dodging
 - Level 2.4 Stealth
 * Level 6.0 Spellcasting
 + Level 3.3 Conjurations
 + Level 4.7 Fire Magic


You had 3 spell levels left.
You knew the following spells:

 Your Spells              Type           Power        Failure   Level  Hunger
a - Flame Tongue          Conj/Fire      ###..        1%          1    None
b - Throw Flame           Conj/Fire      ###...       2%          2    None
c - Conjure Flame         Conj/Fire      ###.....     6%          3    ##.....
d - Inner Flame           Hex/Fire       ###.....     14%         3    ##.....
e - Sticky Flame          Conj/Fire      ###.....     21%         4    ####...


Dungeon Overview and Level Annotations

Branches:
Dungeon (3/15)

Altars:


Message History

The orc priest misses you.
You hit the orc priest.
The orc priest is moderately wounded.
The orc wizard hits you with a dagger.
* * * LOW HITPOINT WARNING * * *
The orc priest hits you with a hand axe.
* * * LOW HITPOINT WARNING * * *
You feel very mighty all of a sudden. The orc wizard barely misses you.
The orc priest miscasts a cantrip.
Your magical contamination has completely faded away.
Unknown command.
You hit the orc priest.
The orc priest is heavily wounded.
You puncture the orc priest!
The orc priest is almost dead.
The orc wizard hits you but does no damage.
The orc priest calls down the wrath of Beogh upon you.
Beogh smites you!
You die...

##..)..# #..
##....(.# # ...
#.......# ..#..
#.#.....# ....
########.#...>.#
..(
...........##..#
#.########....##.##
#..## #.#..##.#
#o@# ##.#.....#
####o#####)[#.#####
#.....)...(#....#
#.###.##o.)#....# #
#.#.........#
#.....÷...###
#......(.##
##...†...#
##.....##


You could see an orc priest and an orc wizard.

Vanquished Creatures
  Natasha (thrice) (D:2)
  Terence (D:2)
  Robin (D:2)
  3 adders
  2 worms (D:2)
  2 dart slugs (D:1)
  5 giant geckos
  2 orcs (D:3)
  2 ball pythons
  A giant cockroach (D:2)
  15 goblins
  12 hobgoblins
  6 jackals (D:1)
  11 kobolds
  10 bats
  5 giant newts
  8 rats
89 creatures vanquished.

Vanquished Creatures (others)
  A plant (D:2)
1 creature vanquished.

Grand Total: 90 creatures vanquished

Notes
Turn   | Place    | Note
-------+----------+-------------------------------------------
     0 | D:1      | Kidiri the Deep Elf Fire Elementalist began the quest for the Orb.
     0 | D:1      | Reached XP level 1. HP: 10/10 MP: 6/6
   157 | D:1      | Reached XP level 2. HP: 14/15 MP: 1/8
   161 | D:1      | Learned a level 2 spell: Throw Flame
   550 | D:1      | Reached skill level 4 in Spellcasting
   736 | D:1      | Reached XP level 3. HP: 18/19 MP: 6/10
   741 | D:1      | Learned a level 3 spell: Conjure Flame
   745 | D:1      | Learned a level 3 spell: Inner Flame
  1228 | D:2      | Noticed Natasha
  1239 | D:2      | Killed Natasha
  1239 | D:2      | Reached XP level 4. HP: 13/24 MP: 2/12
  1465 | D:2      | Noticed Natasha
  1472 | D:2      | Noticed Terence
  1473 | D:2      | Killed Natasha
  1473 | D:2      | Reached skill level 5 in Spellcasting
  1500 | D:2      | Noticed Natasha
  1609 | D:1      | Learned a level 4 spell: Sticky Flame
  1613 | D:2      | Killed Terence
  1619 | D:2      | Killed Natasha
  1619 | D:2      | Reached XP level 5. HP: 5/28 MP: 0/15
  1992 | D:2      | Noticed Robin
  2013 | D:2      | Killed Robin
  2872 | D:3      | Reached skill level 6 in Spellcasting
  2914 | D:3      | Killed from afar by an orc priest

Vault maps used:
D:1:      dpeg_arrival_radiant
D:2:      lexackson_kobold_supper, uniq_robin, uniq_natasha, uniq_terence
D:3:      grunt_decor_fettered, minmay_misc_feat_pillars

Skill      XL: |  1  2  3  4  5 |
---------------+----------------+-----
Spellcasting   | 4 5 6 |  6.0
Conjurations   | 2 3 |  3.3
Fire Magic     | 4 |  4.7
Dodging        | |  2.4
Stealth        | |  2.4

Action                   |  1- 3 |  4- 6 || total
-------------------------+-------+-------++-------
Melee: Unarmed           |     4 |       ||     4
       Short sword       |       |   139 ||   139
       Dagger            |       |     5 ||     5
 Cast: Flame Tongue      |    53 |    72 ||   125
       Throw Flame       |     7 |    17 ||    24
       Sticky Flame      |       |     2 ||     2
       Conjure Flame     |       |     2 ||     2
       Inner Flame       |       |     1 ||     1
  Use: Potion            |       |     3 ||     3
       Scroll            |       |     7 ||     7
  Eat: Chunk             |     1 |     6 ||     7
Armor: Robe              |    11 |    10 ||    21
Dodge: Dodged            |    27 |    25 ||    52
